 Dungeon Crawl Stone Soup version 0.29-a0-1027-gcd8c55af63 (webtiles) character file.

Game seed: 4893315666697152312

30 Locuples the Trooper (level 3, -1/29 HPs)
             Began as a Demonspawn Berserker on Aug 12, 2022.
             Was a Follower of Trog.
             Slain by a jackal (2 damage)
             ... on level 2 of the Dungeon.
             The game lasted 00:01:49 (1255 turns).

Locuples the Trooper (Demonspawn Berserker)         Turns: 1255, Time: 00:01:50

Health: -1/29      AC:  2    Str: 17    XL:     3   Next: 5%
Magic:  3/3        EV: 12    Int:  8    God:    Trog [*.....]
Gold:   55         SH:  0    Dex: 20    Spells: 2/2 levels left

rFire   . . .      SeeInvis .   a - +0 mace
rCold   . . .      Faith    .   (no shield)
rNeg    . . .      Spirit   .   b - +0 animal skin
rPois   .          Reflect  .   (helmet restricted)
rElec   .          Harm     .   (no cloak)
rCorr   .          Rampage  .   (no gloves)
Will    .....                   (no boots)
Stlth   ++........              (no amulet)
HPRegen 0.09/turn               g - +6 ring of dexterity
MPRegen 0.08/turn               (no ring)

@: brilliant, on berserk cooldown, slowed, very slow
A: antennae 1
a: Renounce Religion, Berserk


You were on level 2 of the Dungeon.
You worshipped Trog.
Trog was aware of your devotion.
You visited 1 branch of the dungeon, and saw 2 of its levels.

You collected 55 gold pieces.

Inventory:

Hand Weapons
 a - a +0 mace (weapon)
Armour
 b - a +0 animal skin (worn)
Jewellery
 g - a +6 ring of dexterity (left hand)
Scrolls
 d - a scroll of identify {unknown}
 f - a scroll of noise {unknown}
 j - 2 scrolls of teleportation {unknown}
Potions
 e - a potion of flight {unknown}
 i - a potion of berserk rage {unknown}
 k - a potion of might {unknown}


   Skills:
 + Level 3.6 Fighting
 + Level 3.1 Maces & Flails
 + Level 2.0 Armour
 + Level 1.9 Dodging


You had 2 spell levels left.
You didn't know any spells.
Your spell library was empty.

Dungeon Overview and Level Annotations

Branches:
Dungeon (2/15)

Altars:


Innate Abilities, Weirdness & Mutations

You have a pair of small antennae on your head.


Message History

You are no longer berserk.
You are exhausted.
You feel yourself slow down.
The gnoll shouts!
You see here 7 gold pieces.
You now have 55 gold pieces (gained 7).
The jackal bites you. The jackal barely misses you.
The jackal bites you but does no damage.
The jackal closely misses you.
A jackal comes into view.
The jackal attacks as you move away! The jackal barely misses you.
The jackal attacks as you move away! The jackal closely misses you.
The jackal bites you but does no damage.
The jackal bites you. The jackal attacks as you move away!
The jackal misses you. The jackal bites you.
* * * LOW HITPOINT WARNING * * *
The jackal bites you but does no damage.
It was a potion of curing.
You feel better. The gnoll hits you with a +0 flail!
* * * LOW HITPOINT WARNING * * *
The gnoll barely misses you. The jackal barely misses you.
The jackal bites you.
* * * LOW HITPOINT WARNING * * *
The jackal misses you.
The jackal bites you but does no damage.
You feel better.
The jackal bites you but does no damage.
The jackal closely misses you. The jackal bites you. The jackal misses you.
The gnoll hits you with a +0 flail!
* * * LOW HITPOINT WARNING * * *
The jackal bites you but does no damage.
The jackal closely misses you.
It was a potion of brilliance.
You feel clever all of a sudden. The jackal closely misses you.
The jackal barely misses you. x4
The jackal closely misses you.
The gnoll hits you from afar with a +0 spear.
* * * LOW HITPOINT WARNING * * *
The jackal bites you.
You die...

...........## #
............##.. .#
...............# .#
............# ####.######
............# #.........#
.$..........## #..........
.........g.g.# #..(.......
....!....ggh.#####..........
....<.....h@.....#..........
..........hh...#............
............#..###<.........
............#............>.#
...........####.......#####
...............##......#
.....#......##.###......#
................^..##.#.#
............##.####...#..


You could see 4 gnolls and 4 jackals.

Vanquished Creatures
  A worm (D:2)
  A dart slug (D:2)
  2 ball pythons (D:1)
  6 endoplasms
  3 goblins
  3 hobgoblins
  2 kobolds (D:1)
  A quokka (D:1)
  4 rats
23 creatures vanquished.

Vanquished Creatures (others)
  A fungus (D:1)
  A plant (D:1)
2 creatures vanquished.

Grand Total: 25 creatures vanquished

Notes
Turn   | Place    | Note
-------+----------+-------------------------------------------
     0 | D:1      | Locuples the Demonspawn Berserker began the quest for the
                  | Orb.
     0 | D:1      | Reached XP level 1. HP: 18/18 MP: 1/1
    83 | D:1      | Found a faded altar of an unknown god.
   336 | D:1      | Gained mutation: You have a pair of small antennae on your
                  | head. [demonic ancestry]
   336 | D:1      | Reached XP level 2. HP: 19/24 MP: 2/2
   702 | D:1      | You fall into a shaft and drop 1 floor!
  1245 | D:2      | Reached XP level 3. HP: 18/29 MP: 3/3
  1255 | D:2      | HP: 1/29 [gnoll/+0 spear (2)]
  1255 | D:2      | Slain by a jackal

Illustrated notes

Levels and vault maps discovered:
D:1:      lemuel_arrival_rhombus, layout_loops_cross,
          shapermc_ecumenical_altar_mp_urbaneastern
D:2:      layout_rooms

Skill      XL: |  1  2 |
---------------+-------+-----
Maces & Flails | 3 |  3.1
Armour         | 2 |  2.0
Fighting       | |  3.6
Dodging        | |  1.9

Action                   || total
-------------------------++-------
Melee: Mace              ||    53
       Punch             ||     1
Invok: Berserk           ||     1
  Use: Potion            ||     3
 Stab: Sleeping          ||     2
Armor: Animal skin       ||    12
Dodge: Dodged            ||    41

Table legend: (Time is in decaauts)
 A = Elapsed time spent in this place.
 B = Non-inter-level travel time spent in this place.
 C = Inter-level travel time spent in this place.
 D = Time resting spent in this place.
 E = Time spent auto-exploring this place.
 F = Levels seen in this place.
 G = Mean time per level.
                   A        B        C        D        E       F      G
               +--------+--------+--------+--------+--------+-----+--------+
         Total |   1268 |   1252 |     16 |      0 |   1052 |   2 |  634.0 |
       Dungeon |   1268 |   1252 |     16 |      0 |   1052 |   2 |  634.0 |
               +--------+--------+--------+--------+--------+-----+--------+

Top non-repeatable levels by time:
     D:1: 1161 daAuts
     D:2: 107 daAuts
